 Dungeon Crawl Stone Soup version 0.30-a0-913-g9934a0ce24 (webtiles) character file.

Game seed: 6179116561770044156

42538 Jackthecabe the Skirmisher (level 14, -5/88 HPs)
             Began as a Kobold Hexslinger on Mar 20, 2023.
             Was a High Priest of Dithmenos.
             Drowned by a drowned soul (14 damage)
             ... summoned by a merfolk avatar
             ... on level 5 of the Lair of Beasts.
             The game lasted 00:47:55 (21149 turns).

Jackthecabe the Skirmisher (Kobold Hexslinger)     Turns: 21149, Time: 00:47:55

Health: -5/88      AC: 17    Str: 16    XL:     14   Next: 55%
Magic:  17/17      EV: 24    Int: 21    God:    Dithmenos [*****.]
Gold:   1012       SH:  0    Dex: 26    Spells: 6/17 levels left

rFire   . . .      SeeInvis .    b - +10 rapier "Gept" {freeze, Will+ Str+2 Dex+2}
rCold   . . .      Faith    .    (no shield)
rNeg    . . .      Spirit   .    r - +2 robe "Ogrisuti" {Drain Str+3 Archmagi}
rPois   +          Reflect  .    l - +2 hood of the Assassin {Detect Stab+ Stlth++}
rElec   .          Rampage  .    I - +2 cloak {rPois}
rCorr   .          Archmagi +    O - +0 pair of gloves
Will    ++...                    H - +0 pair of boots of Gigimiv {Dex+5}
Stlth   +++++++                  (no amulet)
HPRegen 0.34/turn                Y - +4 ring of slaying
MPRegen 0.15/turn                h - ring of the Establishment {AC+4 Str+3 Int+6}

@: mesmerised, wreathed by umbra, studying Maces & Flails, very slow
A: small, no large weapons, nightstalker 3
a: Renounce Religion, Shadow Step, Shadow Form


You were on level 5 of the Lair of Beasts.
You worshipped Dithmenos.
Dithmenos was extremely pleased with you.
You visited 3 branches of the dungeon, and saw 17 of its levels.

You collected 1012 gold pieces.


Innate Abilities, Weirdness & Mutations

You are small and have problems with some larger weapons.
You are completely attuned to the shadows.


   Skills:
 - Level 10.0 Fighting
 - Level 8.0 Short Blades
 - Level 14.0 Ranged Weapons
 + Level 10.1 Armour
 - Level 10.0 Dodging
 - Level 10.0 Stealth
 - Level 2.0 Spellcasting
 - Level 6.0 Hexes
 - Level 6.0 Translocations
 - Level 4.0 Fire Magic
 - Level 5.0 Invocations
 - Level 4.0 Evocations


You had 6 spell levels left.
You knew the following spells:

 Your Spells              Type           Power      Damage    Failure   Level
e - Ensorcelled Hibernat  Hex/Ice        44%        N/A       6%          2
f - Inner Flame           Hex/Fire       34%        N/A       5%          3
o - Portal Projectile     Hex/Tloc       80%        N/A       3%          3
s - Slow                  Hex            100%       N/A       1%          1
B - Blink                 Tloc           80%        N/A       1%          2

Your spell library contained the following spells:

 Spells                   Type           Power      Damage    Failure   Level
 Tukima's Dance           Hex            40%        N/A       3%          3
 Cause Fear               Hex            20%        N/A       12%         4
 Manifold Assault         Tloc           40%        N/A       12%         4
 Summon Guardian Golem    Hex/Summ       22%        N/A       13%         3
 Vhi's Electric Charge    Tloc/Air       44%        N/A       13%         3
 Magic Dart               Conj           12%        1d3       14%         1
 Summon Small Mammal      Summ           12%        N/A       14%         1
 Passwall                 Tmut/Erth      2%         N/A       22%         2
 Searing Ray              Conj           6%         2d4       22%         2
 Sublimation of Blood     Necr           3%         N/A       22%         2
 Wereblood                Tmut           3%         N/A       22%         2
 Fulminant Prism          Conj/Hex       11%        3d9       38%         4
 Call Canine Familiar     Summ           3%         N/A       41%         3
 Swiftness                Air            3%         N/A       41%         3
 Arcjolt                  Conj/Air       1%         1d11      99%         5
 Blade Hands              Tmut           1%         N/A       99%         5
 Storm Form               Tmut/Air       1%         N/A       100%        7
 Summon Hydra             Summ           1%         N/A       100%        7
 Maxwell's Capacitive Co  Air            1%         ∞         100%        8

Inventory:

Hand Weapons
 a - the +12 sling of Buawk {elec, Will+ Int+6}
   (You found it on level 6 of the Dungeon)

   Int:       It affects your intelligence (+6).
   Will:      It increases your willpower.
 b - the +10 rapier "Gept" (weapon) {freeze, Will+ Str+2 Dex+2}
   (You took it off a wizard on level 9 of the Dungeon)

   Str:       It affects your strength (+2).
   Dex:       It affects your dexterity (+2).
   Will:      It increases your willpower.
 Q - a +0 dagger of speed
Missiles
 v - 11 poisoned darts
Armour
 l - the +2 hood of the Assassin (worn) {Detect Stab+ Stlth++}
   (You acquired it on level 9 of the Dungeon)

   Detect:    It allows the wearer to sense nearby creatures.
   Stab+:     It allows the wearer to make particularly effective stabbing
   attacks against helpless or unaware enemies with any weapon.
   Stlth:     It makes you much more stealthy.
 r - the +2 robe "Ogrisuti" (worn) {Drain Str+3 Archmagi}
   (You found it on level 2 of the Dungeon)

   Str:       It affects your strength (+3).
   Drain:     It drains your maximum health when unequipped.
   Archmagi:  It increases the power of your magical spells.
 y - a +2 leather armour of positive energy
 H - the +0 pair of boots of Gigimiv (worn) {Dex+5}
   (You found it on level 10 of the Dungeon)

   Dex:       It affects your dexterity (+5).
 I - a +2 cloak of poison resistance (worn)
 O - a +0 pair of gloves (worn)
Magical Staves
 e - a staff of cold {!a}
Jewellery
 h - the ring of the Establishment (right hand) {AC+4 Str+3 Int+6}
   (You acquired it on level 9 of the Dungeon)

   [ring of protection]

   AC:        It affects your AC (+4).
   Str:       It affects your strength (+3).
   Int:       It affects your intelligence (+6).
 j - an amulet of faith {!P}
 E - a +5 ring of evasion
 N - a ring of positive energy
 W - a ring of willpower
 Y - a +4 ring of slaying (left hand)
Wands
 w - a wand of iceblast (11)
 D - a wand of digging (4)
 J - a wand of flame (21)
 T - a wand of mindburst (7)
 U - a wand of quicksilver (4)
 V - a wand of polymorph (2)
 Z - a wand of paralysis (4)
Scrolls
 f - 4 scrolls of immolation
 g - 2 scrolls of amnesia
 k - 5 scrolls of poison
 n - 2 scrolls of enchant weapon
 o - a scroll of torment {unknown}
 p - a scroll of magic mapping
 s - 6 scrolls of teleportation {@r2}
 t - a scroll of enchant armour
 x - 4 scrolls of blinking
 z - 4 scrolls of vulnerability
 G - a scroll of brand weapon
 L - a scroll of fear
 S - 2 scrolls of silence {!r}
Potions
 c - a potion of brilliance
 d - 3 potions of haste {@q3}
 i - 3 potions of might
 m - 3 potions of lignification
 q - a potion of ambrosia {unknown}
 u - 5 potions of curing {@q1}
 A - 5 potions of mutation
 B - 2 potions of resistance
 C - a potion of magic
 F - 6 potions of degeneration
 M - 2 potions of berserk rage {unknown}
 R - a potion of cancellation
 X - a potion of attraction {unknown}
Miscellaneous
 P - a box of beasts

Dungeon Overview and Level Annotations

Branches:
Dungeon (11/15)            Temple (1/1) D:7            Lair (5/5) D:9
 Shoals (0/4) Lair:2       Spider (0/4) Lair:3          Orc (0/2) D:11
  Slime: Lair:4-5

Altars:
Ashenzari
Cheibriados
Dithmenos
Elyvilon
Fedhas
Makhleb
Nemelex Xobeh
Qazlal
Ru
Sif Muna
Trog
Uskayaw
Wu Jian
Zin
The Shining One

Shops:
D:2 *   D:11 [*

Annotations:
D:8 Erica

.~~~†.~~~~~.~▒~~.~~~~~~~~~~~
~~~~~~~~~~.~.~~~~~~ ~~~~~~~~
~▒~▒~▒▒▒▒▒▒~▒~.▒▒▒▒ ▒~▒▒~~
~~~▒Y~8▒⌠~~.~~▒.~⌠▒ ▒. ▒..
~~~~~{.▒~~~▒...~~~▒
~~~~~~~▒~~~~~~~~~~▒
▒▒.~~~~▒..~▒▒~▒▒~~▒
▒~P▒~.▒▒.▒▒!??:▒~~
~~~~~▒.~~.~@≈≈[+ ~P~~
~~~~~!m≈$+ ▒~▒~ .~~~▒}=!!▒
▒~~~ ~▒.8▒▒▒▒▒~ ▒~


You could see a merfolk avatar (mesmerising).


Message History

The drowned soul touches you. The drowned soul drowns you!
* * * LOW HITPOINT WARNING * * *
You closely miss the merfolk avatar.
The merfolk avatar is heavily wounded.
The merfolk avatar chants its luring song.
You feel much better. The drowned soul touches you.
The drowned soul drowns you!
* * * LOW HITPOINT WARNING * * *
The merfolk avatar chants its luring song.
A merfolk avatar is nearby!
Aiming: Throw Flame
Press: ? - help, Shift-Dir - straight line, f - merfolk avatar
Aim: a merfolk avatar (water, heavily wounded, mesmerising, umbra, 64% to hit)
The puff of flame hits the merfolk avatar.
The merfolk avatar is heavily wounded.
The merfolk avatar is engulfed in a cloud of scalding steam.
The merfolk avatar chants its luring song.
You impale the merfolk avatar!! You freeze the merfolk avatar.
The merfolk avatar is almost dead.
Your shadow hits the merfolk avatar but does no damage.
The merfolk avatar is engulfed in a cloud of scalding steam.
The merfolk avatar chants its luring song.
You closely miss the merfolk avatar.
The merfolk avatar is almost dead.
The drowned soul touches you. The drowned soul drowns you!
* * * LOW HITPOINT WARNING * * *
The merfolk avatar is engulfed in a cloud of scalding steam.
The merfolk avatar chants its luring song.
You feel better. The drowned soul touches you. The drowned soul drowns you!
You die...

Skill      XL: |  1  2  3  4  5  6  7  8  9 10 11 12 13 14 |
---------------+-------------------------------------------+-----
Ranged Weapons | 3 4 5 6 8 9 13 14 | 14.0
Fighting       | 2 4 8 9 10 | 10.0
Translocations | 2 3 5 6 |  6.0
Stealth        | 2 4 6 8 10 | 10.0
Spellcasting   | 2 |  2.0
Evocations     | 2 4 |  4.0
Dodging        | 6 10 | 10.0
Invocations    | 2 4 5 |  5.0
Hexes          | 6 |  6.0
Fire Magic     | 4 |  4.0
Short Blades   | 3 8 |  8.0
Armour         | 7 10 | 10.1

Action                     |  1- 3 |  4- 6 |  7- 9 | 10-12 | 13-15 || total
---------------------------+-------+-------+-------+-------+-------++-------
  Melee: Dagger            |     3 |   366 |   169 |     1 |       ||   539
         Punch             |       |     7 |     2 |       |     4 ||    13
         Rapier            |       |       |       |       |   337 ||   337
   Fire: Sling             |    99 |    43 |   229 |   568 |    69 ||  1008
   Cast: Slow              |    21 |    75 |    55 |     6 |       ||   157
         Blink             |       |     1 |       |       |       ||     1
         Inner Flame       |       |       |       |     1 |       ||     1
         Ensorcelled Hiber |       |       |       |       |     5 ||     5
  Evoke: Wand              |       |       |       |       |     1 ||     1
    Use: Potion            |       |       |     3 |       |     3 ||     6
         Scroll            |       |       |       |    18 |     6 ||    24
   Stab: Sleeping          |       |    11 |       |       |    23 ||    34
         Distracted        |       |       |       |     1 |     5 ||     6
 Armour: Robe              |    17 |    32 |    52 |    24 |    66 ||   191
  Dodge: Dodged            |    60 |   216 |   237 |   268 |   354 ||  1135

Levels and vault maps discovered:
D:1:      psy_arrival_whirlpool, layout_basic,
          ebering_ecumenical_altar_petrified
D:2:      layout_rooms, serial_shops, nicolae_shop_trees, minmay_between
D:3:      layout_basic, mainiacjoe_overflow_alcove_1,
          nicolae_tso_swordbearing_angel
D:4:      layout_basic, bloody_trog, kennysheep_generic_room_13
D:5:      layout_cave_pools, slow_altar_1, nrook_mini_backslash
D:6:      layout_basic, uniq_eustachio
D:7:      layout_basic, minmay_temple_entry_nine_rooms, enter_bailey_4,
          dreamdust_gnoll_shepherd, uniq_joseph
D:8:      layout_gridville, nicolae_ashenzari_skybound, lemuel_doored_altar,
          minmay_strange_pillars, grunt_ministairs_8, kennysheep_generic_room_5,
          uniq_psyche, uniq_amaemon, uniq_erica
D:9:      nzn_winding_woodlands_cross [nzn_winding_woodlands_5x15_longhouse,
          nzn_winding_woodlands_5x15_pathside_ponds,
          nzn_winding_woodlands_5x15_pockets,
          nzn_winding_woodlands_5x15_concentric,
          nzn_winding_woodlands_15x15_thick_spiral], layout_cave_pods,
          grunt_temple_overflow_open, gammafunk_temple_overflow_forgotten
D:10:     minmay_distorted_concentric_squares, layout_loops_ring
D:11:     layout_basic, orc_david_3, portal_ice_cave_entry_pillars_2,
          nicolae_shop_fire_sale [nicolae_sub_dead_trees]
Temple:   nicolae_temple_figure_zero
Lair:1:   layout_gridlike
Lair:2:   layout_gridlike, shoals_dummy_entry, nicolae_volcano_entry_two_sided
Lair:3:   layout_cave_shapes, dummy_spider_entry, uniq_nergalle
Lair:4:   layout_regular_city, grunt_megastairs_5, lemuel_fruit_tree,
          lemuel_fruit_fields
Lair:5:   gammafunk_lair_ancient_temple, layout_loops_ring, slime_entry_1,
          lemuel_fruit_fields, lemuel_fruit_fields

Notes
Turn   | Place    | Note
-------+----------+-------------------------------------------
     0 | D:1      | Jackthecabe the Kobold Hexslinger began the quest for the
                  | Orb.
     0 | D:1      | Reached XP level 1. HP: 12/12 MP: 2/2
    61 | D:1      | Reached skill level 3 in Ranged Weapons
   160 | D:1      | Reached XP level 2. HP: 16/16 MP: 1/3
   493 | D:1      | Reached skill level 4 in Ranged Weapons
   775 | D:1      | Found a faded altar of an unknown god.
  1144 | D:1      | Reached XP level 3. HP: 20/20 MP: 4/4
  1259 | D:2      | Found Rownar's Assorted Antiques.
  1310 | D:1      | Reached skill level 5 in Ranged Weapons
  1616 | D:2      | Reached XP level 4. HP: 25/25 MP: 2/5
  1814 | D:2      | Reached skill level 6 in Ranged Weapons
  1817 | D:2      | Learned a level 2 spell: Blink
  1929 | D:2      | HP: 2/25 [gnoll/+0 spear (2)]
  1931 | D:2      | Reached XP level 5. HP: 3/30 MP: 2/6
  2073 | D:2      | Identified the +2 robe "Ogrisuti" {Drain Str+3 Archmagi}
  2169 | D:2      | Reached skill level 2 in Fighting
  2240 | D:3      | Found a blossoming altar of Fedhas.
  2373 | D:3      | Reached skill level 1 in Translocations
  2688 | D:3      | Reached skill level 1 in Stealth
  2939 | D:3      | Found a glowing golden altar of the Shining One.
  3415 | D:4      | Reached skill level 2 in Stealth
  3599 | D:3      | Reached skill level 2 in Translocations
  3599 | D:3      | Reached XP level 6. HP: 35/35 MP: 7/7
  3662 | D:4      | Found a bloodstained altar of Trog.
  3939 | D:4      | HP: 3/35 [gnoll bouda/+0 whip (6)]
  4087 | D:3      | HP: 3/35 [gnoll bouda/+0 whip (11)]
  5018 | D:4      | Reached skill level 3 in Stealth
  5025 | D:5      | Entered Level 5 of the Dungeon
  5134 | D:5      | Found a snail-covered altar of Cheibriados.
  5934 | D:5      | Noticed an ice beast
  6009 | D:5      | Killed an ice beast
  6010 | D:5      | Reached skill level 4 in Stealth
  6010 | D:5      | Reached skill level 3 in Translocations
  6010 | D:5      | Reached XP level 7. HP: 30/40 MP: 6/8
  6148 | D:5      | Reached skill level 7 in Ranged Weapons
  6148 | D:5      | Reached skill level 5 in Stealth
  6539 | D:5      | Reached skill level 6 in Stealth
  6543 | D:5      | Reached skill level 8 in Ranged Weapons
  6683 | D:5      | Reached skill level 2 in Spellcasting
  6683 | D:5      | Reached XP level 8. HP: 44/44 MP: 9/11
  6930 | D:5      | Reached skill level 7 in Stealth
  7172 | D:6      | Reached skill level 8 in Stealth
  7342 | D:6      | Reached skill level 3 in Fighting
  7754 | D:5      | Reached skill level 4 in Fighting
  7754 | D:5      | Reached skill level 1 in Evocations
  7868 | D:6      | Noticed Eustachio
  7955 | D:6      | Identified the +12 sling of Buawk {elec, Will+ Int+6}
  8007 | D:6      | Reached skill level 2 in Evocations
  8621 | D:7      | Noticed a dream sheep
  8621 | D:7      | Noticed a dream sheep
  8623 | D:7      | Killed a dream sheep
  8624 | D:7      | Reached skill level 9 in Ranged Weapons
  8624 | D:7      | Reached XP level 9. HP: 52/52 MP: 12/12
  8629 | D:7      | Reached skill level 10 in Ranged Weapons
  8768 | D:7      | Reached skill level 11 in Ranged Weapons
  8769 | D:7      | Noticed Joseph
  8814 | D:7      | HP: 4/52 [bullfrog (3)]
  8823 | D:7      | HP: 4/52 [bullfrog (3)]
  8829 | D:7      | HP: 4/52 [bullfrog (2)]
  8996 | D:7      | Killed Joseph
  8997 | D:7      | Reached skill level 12 in Ranged Weapons
  9066 | D:7      | Found a staircase to the Ecumenical Temple.
  9073 | Temple   | Entered the Ecumenical Temple
  9186 | Temple   | Became a worshipper of Dithmenos the Shadowed
  9846 | D:8      | Reached skill level 13 in Ranged Weapons
  9853 | D:8      | Reached XP level 10. HP: 54/56 MP: 13/13
  9868 | D:8      | Reached skill level 14 in Ranged Weapons
  9869 | D:8      | Reached skill level 5 in Fighting
 10038 | D:8      | Reached skill level 6 in Fighting
 10103 | D:8      | Reached * piety under Dithmenos
 10112 | D:8      | Found a broken altar of Ashenzari.
 10209 | D:8      | Noticed Psyche
 10219 | D:8      | Killed Psyche
 10220 | D:8      | Reached skill level 7 in Fighting
 10263 | D:8      | Noticed Erica
 10360 | D:8      | Noticed Amaemon
 10362 | D:8      | Noticed an orange demon
 10371 | D:8      | Killed an orange demon
 10372 | D:8      | Reached skill level 8 in Fighting
 10372 | D:8      | Reached skill level 3 in Dodging
 10380 | D:8      | Killed Amaemon
 10381 | D:8      | Reached skill level 5 in Dodging
 10588 | D:8      | Found a white marble altar of Elyvilon.
 10762 | D:8      | Reached skill level 6 in Dodging
 10833 | D:8      | Reached skill level 2 in Invocations
 10833 | D:8      | Reached XP level 11. HP: 28/68 MP: 14/14
 10988 | D:8      | Reached skill level 3 in Invocations
 11086 | D:9      | Reached skill level 4 in Invocations
 11107 | D:9      | Reached ** piety under Dithmenos
 11108 | D:9      | Reached skill level 4 in Hexes
 11304 | D:9      | Learned a level 3 spell: Portal Projectile
 11308 | D:9      | Learned a level 3 spell: Inner Flame
 11398 | D:9      | Noticed a tengu warrior
 11410 | D:9      | Killed a tengu warrior
 11411 | D:9      | Reached skill level 5 in Hexes
 11554 | D:9      | Found an ornate altar of the Wu Jian Council.
 11559 | D:9      | Found a shimmering blue altar of Sif Muna.
 11564 | D:9      | Found a stormy altar of Qazlal.
 11570 | D:9      | Found a sacrificial altar of Ru.
 11696 | D:9      | Reached skill level 6 in Hexes
 11701 | D:9      | Reached skill level 1 in Fire Magic
 11912 | D:9      | Noticed a cyclops
 11939 | D:9      | Reached skill level 2 in Fire Magic
 12045 | D:9      | Killed a cyclops
 12046 | D:9      | Reached skill level 3 in Fire Magic
 12049 | D:9      | Identified the +10 rapier "Gept" {freeze, Will+ Str+2
                  | Dex+2}
 12049 | D:9      | Noticed a wizard
 12250 | D:9      | Noticed a boulder beetle
 12264 | D:9      | Killed a boulder beetle
 12265 | D:9      | Reached skill level 4 in Fire Magic
 12323 | D:9      | Reached skill level 3 in Evocations
 12341 | D:9      | Noticed a tengu warrior
 12348 | D:9      | Killed a tengu warrior
 12349 | D:9      | Reached skill level 4 in Evocations
 12439 | D:9      | Found a hide-covered altar of Uskayaw.
 12442 | D:9      | Found a sparkling altar of Nemelex Xobeh.
 12444 | D:9      | Found a burning altar of Makhleb.
 12589 | D:9      | Found a staircase to the Lair.
 12598 | D:9      | Killed a wizard
 12599 | D:9      | Reached skill level 9 in Fighting
 12750 | D:10     | Entered Level 10 of the Dungeon
 12814 | D:10     | Identified the +0 pair of boots of Gigimiv {Dex+5}
 12966 | D:10     | Reached *** piety under Dithmenos
 13225 | D:10     | Reached XP level 12. HP: 77/77 MP: 15/15
 13228 | D:10     | Reached skill level 10 in Fighting
 13266 | D:10     | Noticed a centaur warrior
 13273 | D:10     | Killed a centaur warrior
 13274 | D:10     | Reached skill level 7 in Dodging
 13380 | D:10     | Noticed a boulder beetle
 13389 | D:10     | Killed a boulder beetle
 13390 | D:10     | Reached skill level 8 in Dodging
 13650 | D:10     | Reached skill level 9 in Dodging
 13711 | D:11     | Found Fauki's Armour Boutique.
 13715 | D:11     | Found a staircase to the Orcish Mines.
 13841 | D:11     | Reached skill level 10 in Dodging
 13966 | D:11     | Found a frozen archway.
 14126 | D:11     | Reached skill level 9 in Stealth
 14475 | D:11     | Found Citefeet's Fire Supplies.
 15138 | D:6      | Killed Eustachio
 15729 | D:9      | Reached skill level 10 in Stealth
 15912 | Lair:1   | Entered Level 1 of the Lair of Beasts
 16004 | Lair:1   | Reached skill level 4 in Translocations
 16004 | Lair:1   | Reached skill level 5 in Invocations
 16016 | Lair:1   | Reached **** piety under Dithmenos
 16129 | D:9      | Identified 2 potions of resistance
 16141 | D:9      | Identified 2 scrolls of acquirement
 16144 | D:9      | Acquired the +2 hood of the Assassin {Detect Stab+ Stlth++}
 16144 | D:9      | Found the +2 hood of the Assassin {Detect Stab+ Stlth++}
 16151 | D:9      | Acquired the ring of the Establishment {AC+4 Str+3 Int+6}
 16167 | Lair:1   | You fall into a shaft and drop 1 floor!
 16219 | Lair:2   | Noticed a skyshark
 16266 | Lair:1   | Reached skill level 1 in Short Blades
 16337 | Lair:1   | Reached skill level 2 in Short Blades
 16337 | Lair:1   | Reached skill level 5 in Translocations
 16352 | Lair:1   | Reached skill level 3 in Short Blades
 16352 | Lair:1   | Reached XP level 13. HP: 82/82 MP: 16/16
 16482 | Lair:1   | Reached skill level 4 in Short Blades
 16509 | Lair:1   | Reached skill level 5 in Short Blades
 16509 | Lair:1   | Reached skill level 6 in Translocations
 16679 | Lair:1   | Reached skill level 6 in Short Blades
 16917 | Lair:1   | Reached skill level 7 in Short Blades
 17183 | Lair:2   | Reached skill level 8 in Short Blades
 17183 | Lair:2   | Reached ***** piety under Dithmenos
 17184 | Lair:2   | Reached skill level 1 in Armour
 17371 | Lair:2   | Reached skill level 2 in Armour
 17556 | Lair:2   | Reached skill level 3 in Armour
 17825 | Lair:2   | Found a staircase to the Shoals.
 18022 | Lair:2   | Learned a level 2 spell: Ensorcelled Hibernation
 18230 | Lair:3   | Found a hole to the Spider Nest.
 18313 | Lair:3   | Reached skill level 4 in Armour
 18451 | Lair:3   | Noticed Nergalle
 18465 | Lair:3   | Killed Nergalle
 18975 | Lair:4   | Reached skill level 5 in Armour
 19144 | Lair:4   | Noticed a seven-headed hydra
 19148 | Lair:4   | Killed a seven-headed hydra
 19149 | Lair:4   | Reached skill level 6 in Armour
 19184 | Lair:4   | HP: 7/82 [blink frog (13)]
 19320 | Lair:4   | Reached skill level 7 in Armour
 19320 | Lair:4   | Reached XP level 14. HP: 82/88 MP: 17/17
 19945 | Lair:4   | Identified the +0 acid dragon scales "Ijam" {Regen+ rCorr}
 20266 | Lair:5   | Entered Level 5 of the Lair of Beasts
 20297 | Lair:5   | Reached skill level 8 in Armour
 20777 | Lair:5   | Reached skill level 9 in Armour
 21030 | Lair:5   | Reached skill level 10 in Armour
 21126 | Lair:5   | Identified the +9 scimitar "Adoej" {freeze, Drain Will+
                  | Str+5}
 21148 | Lair:5   | HP: 2/88 [drowned by a drowned soul[a merfolk avatar] (17)]
 21149 | Lair:5   | Drowned by a drowned soul

Vanquished Creatures
  A hydra (Lair:4)
  A centaur warrior (D:10)
  3 boulder beetles
  2 tengu warriors (D:9)
  Amaemon (D:8)
  3 skysharks
  Nergalle (Lair:3)
  A wizard (D:9)
  A lindwurm (Lair:1)
  An ugly thing (D:11)
  A manticore (D:11)
  2 cyclopes
  7 elephants
  Joseph (D:7)
  3 black mambas
  An orange demon (D:8)
  11 cane toads
  A gargoyle (D:10)
  A torpor snail (Lair:5)
  Psyche (D:8)
  A kobold demonologist (D:9)
  6 rime drakes
  9 komodo dragons
  A troll (D:8)
  2 polar bears
  2 hornets (Lair:5)
  20 blink frogs
  A snapping turtle (Lair:5)
  6 dream sheep
  2 shadows (D:11)
  A slime creature (D:9)
  4 wyverns
  A vampire (D:10)
  Eustachio (D:6)
  40 yaks
  2 basilisks (Lair:4)
  2 vampire mosquitoes
  2 steam dragons
  2 acid dragons
  13 water moccasins
  2 black bears
  4 orc warriors
  2 sky beasts
  5 ice beasts
  4 wolves (Lair:4)
  9 centaurs
  2 kobold brigands
  10 bullfrogs
  2 scorpions (D:5)
  7 gnoll sergeants
  7 wights
  12 killer bees
  4 howler monkeys
  A hound (D:6)
  6 jellies
  A sleepcap (D:5)
  An iron imp (D:5)
  5 gnoll boudas
  8 orc priests
  3 iguanas
  6 orc wizards
  9 adders
  32 gnolls
  A shadow imp (D:6)
  4 ufetubi
  A worm (D:2)
  5 dart slugs
  38 orcs
  5 endoplasms (D:3)
  4 giant cockroaches
  12 goblins
  6 hobgoblins
  8 kobolds
  2 quokkas
  5 ball pythons
  8 bats
  2 rats
405 creatures vanquished.

Vanquished Creatures (others)
  30 fungi
  60 plants
  3 withered plants (D:1)
93 creatures vanquished.

Grand Total: 498 creatures vanquished

Table legend: (Time is in decaauts)
 A = Elapsed time spent in this place.
 B = Non-inter-level travel time spent in this place.
 C = Inter-level travel time spent in this place.
 D = Time resting spent in this place.
 E = Time spent auto-exploring this place.
 F = Levels seen in this place.
 G = Mean time per level.
                   A        B        C        D        E       F      G
               +--------+--------+--------+--------+--------+-----+--------+
         Total |  20767 |  19034 |   1733 |   1678 |  13388 |  17 | 1221.6 |
       Dungeon |  15517 |  13956 |   1561 |   1418 |   9523 |  11 | 1410.6 |
        Temple |    122 |    114 |      8 |      0 |    101 |   1 |  122.0 |
          Lair |   5127 |   4963 |    164 |    260 |   3763 |   5 | 1025.4 |
               +--------+--------+--------+--------+--------+-----+--------+

Top non-repeatable levels by time:
     D:9: 1898 daAuts
     D:4: 1858 daAuts
     D:6: 1842 daAuts
     D:5: 1501 daAuts
     D:3: 1366 daAuts
     D:1: 1319 daAuts
     D:2: 1292 daAuts
  Lair:4: 1270 daAuts
     D:8: 1210 daAuts
    D:11: 1095 daAuts
     D:7: 1083 daAuts
  Lair:2: 1065 daAuts
    D:10: 1049 daAuts
  Lair:1: 1015 daAuts
  Lair:3: 897 daAuts

Table legend:
 A = Non-vault XP
 B = Vault XP
 C = Vault XP percentage of total XP
 D = Non-vault monster count
 E = Vault monster count
 F = Vault count percentage of total count
                 A         B        C        D         E       F
            +---------+---------+-------+---------+---------+-------
      Total |   45783 |   14986 |  24.7 |     337 |      68 |  16.8
            +---------+---------+-------+---------+---------+-------
        D:1 |      43 |       0 |   0.0 |      19 |       0 |   0.0
        D:2 |      98 |      20 |  16.9 |      16 |       5 |  23.8
        D:3 |     141 |       0 |   0.0 |      14 |       0 |   0.0
        D:4 |      97 |       3 |   3.0 |      13 |       1 |   7.1
        D:5 |    1011 |      40 |   3.8 |      20 |       1 |   4.8
        D:6 |     449 |     196 |  30.4 |      22 |       1 |   4.3
        D:7 |     608 |    1008 |  62.4 |      15 |       9 |  37.5
        D:8 |    2557 |    1983 |  43.7 |      27 |      11 |  28.9
        D:9 |    1039 |    5435 |  84.0 |      23 |      19 |  45.2
       D:10 |    2327 |    2257 |  49.2 |      32 |       4 |  11.1
       D:11 |    3166 |     289 |   8.4 |      16 |       7 |  30.4
     Lair:1 |    8288 |       0 |   0.0 |      29 |       0 |   0.0
     Lair:2 |    4167 |       0 |   0.0 |      14 |       0 |   0.0
     Lair:3 |    2436 |     765 |  23.9 |      10 |       1 |   9.1
     Lair:4 |   10703 |     140 |   1.3 |      42 |       1 |   2.3
     Lair:5 |    8653 |    2850 |  24.8 |      25 |       8 |  24.2
            +---------+---------+-------+---------+---------+-------
